AoeStats
← RIO1000

Enclosed

506393283Analyzed
1v1 RM · 20d ago on Sep 13, 2026· 40m 43s· 2 players
Game mode
Random Map
Map size
Tiny (2 player)
Population
200
Speed
Normal
Resources
Standard
Victory
Conquest
Starting age
Dark Age
Ending age
Imperial Age
RankedLock teamsTeams togetherTeam positionsShared explorationLock speedFull tech treeHidden civsTurbo modeCheats
Victory
Defeat
🇸🇪 Persians · Sweden
914
+16
🇲🇽 Britons · Mexico
922
-16
Bagframes.com
4:37 Loom
17:32 Feudal Age
18:56 Double-Bit Axe
23:04 Scale Barding Armor
23:53 Forging
24:36 Wheelbarrow
25:08 Fletching
25:24 Gold Mining
29:59 Stone Mining
30:03 Horse Collar
33:41 Castle Age
32:54 Bloodlines
35:20 Bodkin Arrow
RIO1000
9:30 Feudal Age
9:21 Loom
10:14 Stone Mining
10:15 Double-Bit Axe
24:16 Castle Age
32:23 Bow Saw
32:39 Horse Collar
36:48 Pikeman
Connection lost

Rejoining the realm…

Still unreachable

The connection could not be restored.

Session expired

The server has moved on; the page needs a fresh start.